 Dungeon Crawl Stone Soup version 0.32-a0-614-gd166fa89d2 (webtiles) character file.

Game seed: 15386801251445183905

3915 kae the Carver (level 10, -1/69 HPs)
             Began as a Coglin Gladiator on Mar 5, 2024.
             Slain by a vampire
             ... wielding a +1 vampiric halberd
              (18 damage)
             ... in a bailey.
             The game lasted 00:05:50 (6824 turns).

kae the Carver (Coglin Gladiator)                   Turns: 6824, Time: 00:05:50

Health: -1/69      AC:  8    Str: 14    XL:     10   Next: 20%
Magic:  10/10      EV: 12    Int:  8    God:
Gold:   183        SH:  0    Dex: 20    Spells: 9/9 levels left

rFire   . . .        a - +1 long sword (freeze) {Nari}
rCold   . . .        g - +8 dagger of the Desert {drain, rElec rPois}
rNeg    . . .        p - +0 ring mail
rPois   +            c - +2 helmet
rElec   +            (no cloak)
rCorr   .            (no gloves)
SInv    .            (no boots)
Will    .....        (amulet unavailable)
Stlth   +            (ring unavailable)
HPRegen 0.31/turn    (ring unavailable)
MPRegen 0.12/turn    (no gizmo)

%: no passive effects
@: revved
A: off-hand wielding, slow wielding, warmup strikes, no jewellery
a: Invent Gizmo


You were in a bailey.
You visited 2 branches of the dungeon, and saw 9 of its levels.
You also visited: Ossuary and Bailey.

You collected 470 gold pieces.
You spent 287 gold pieces at shops.


Innate Abilities, Weirdness & Mutations

You can wield a second weapon in your off-hand.
It takes a long time for you to wield or remove held weapons.
Your first few attacks do less damage.
You cannot equip rings or amulets.


   Skills:
 + Level 2.8 Fighting
 + Level 14.1 Long Blades
 - Level 1.7 Throwing
 + Level 1.4 Armour
 + Level 3.2 Dodging


You had 9 spell levels left.
You didn't know any spells.
Your spell library contained the following spells:

 Spells                   Type           Power      Damage    Failure   Level
 Ensorcelled Hibernation  Hex/Ice        0%         N/A       80%         2
 Dazzling Flash           Conj/Hex       0%         N/A       95%         3
 Mephitic Cloud           Conj/Alch/Air  0%         N/A       95%         3
 Passwall                 Erth           0%         N/A       95%         3
 Swiftness                Air            0%         N/A       95%         3
 Vhi's Electric Charge    Tloc/Air       0%         N/A       100%        4
 Arcjolt                  Conj/Air       0%         1d10      100%        5
 Curse of Agony           Necr           0%         N/A       100%        5
 Silence                  Hex/Air        0%         N/A       100%        5
 Maxwell's Capacitive Co  Air            0%         ∞         100%        8

Inventory:

Hand Weapons
 a - a +1 long sword of freezing (weapon) {Nari}
 f - a +0 dagger {Gloria}
 g - the +8 dagger of the Desert (offhand) {drain, rElec rPois}
   (You found it on level 2 of the Dungeon)

   rElec:     It insulates you from electricity.
   rPois:     It protects you from poison.
Missiles
 d - 4 throwing nets (quivered) {=f!f}
 e - a javelin
 h - 91 stones
 i - 3 curare-tipped darts {=f}
 n - 8 boomerangs
 u - 17 poisoned darts
Armour
 b - a +0 leather armour
 c - a +2 helmet (worn)
 p - a +0 ring mail (worn)
   (You found it on level 1 of the Dungeon)
Jewellery
 F - a ring of protection from fire
   (You found it on level 3 of the Dungeon)
Wands
 x - a wand of paralysis (4)
   (You found it on level 4 of the Dungeon)
Scrolls
 r - a scroll of brand weapon
 s - 6 scrolls of teleportation {@r4}
 t - a scroll of identify {@r1}
 y - 2 scrolls of fog
 A - a scroll of revelation
 B - a scroll of fear
Potions
 j - 2 potions of invisibility
 k - 3 potions of attraction {!q}
 l - 3 potions of curing {@q1}
 o - 2 potions of mutation {!q}
 w - 2 potions of enlightenment
 z - a potion of haste {@q3}
Miscellaneous
 m - a lightning rod (4/4)
   (You found it on level 7 of the Dungeon)

Dungeon Overview and Level Annotations

Branches:
Dungeon (8/15) Zot: 26988  Temple (1/1) D:6 Zot: 5997 Ossuary (visited)
 Bailey (1/1) Zot: 5744
   Lair: D:8-11

Altars:
Ashenzari
Cheibriados
Dithmenos
Elyvilon
Fedhas
Gozag
Hepliaklqana
Kikubaaqudgha
Makhleb
Nemelex Xobeh
Qazlal
Ru
Sif Muna
Trog
Uskayaw
Vehumet
Wu Jian
Xom
Yredelemnul
Zin
The Shining One

Shops:
D:5 [*(? D:6

( ##### #ß!).## ##
..[|## #ß. #.{ß#
#.. #@.# #..#
##..##########
#...##...#ß......ß#
#......##....)...#
##....##...#######
###''##...##....ß#
#.........#......#
#ß...............#
#########....#...#


There were no monsters in sight!


Message History

You freeze the gargoyle. You hit the gargoyle but do no damage.
You completely miss the gargoyle with the +8 dagger of the Desert.
The gargoyle hurls a stone arrow at you.
The stone arrow misses you.
You hit the gargoyle but do no damage.
You slash the gargoyle with your +1 long sword of freezing!
You freeze the gargoyle.
You destroy the gargoyle! 😮 HP[+1]
You now have 69 max hp (+1).
Unknown command.
You see here a +0 flail.
Key pressed, stopping explore.
No target in view!
No target in view! 😕 HP[+32]
You regained 32 hp, and now have 68/69 hp.
You open the large door.
There is a large open door here.
A vampire comes into view.
It is wielding a +1 vampiric halberd. 😎 HP[+1]
Your hp is fully restored (69).
The vampire closely misses you.
A vampire is nearby!
The vampire hits you with a +1 vampiric halberd!!
The vampire barely misses you.
You barely miss the vampire with the +8 dagger of the Desert.
You hit the vampire with your +1 long sword of freezing.
A vampire is nearby! 😮 HP[-18]
You take 18 damage, and now have 51/69 hp.
MASSIVE DAMAGE!! (PAUSE)
You hit the vampire but do no damage.
You barely miss the vampire with the +8 dagger of the Desert.
The vampire misses you. The vampire bites you!
The vampire draws strength from your injuries! 😮 HP[-8]
You take 8 damage, and now have 43/69 hp.
You barely miss the vampire with your +1 long sword of freezing.
You barely miss the vampire with the +8 dagger of the Desert.
The vampire hits you with a +1 vampiric halberd!
The vampire bites you.
The vampire draws strength from your injuries! 😮 HP[-8]
You take 8 damage, and now have 35/69 hp.
Unknown command.
You hit the vampire but do no damage.
You completely miss the vampire with your +1 long sword of freezing.
You hit the vampire but do no damage. x2; The vampire closely misses you.
The vampire bites you!
* * * LOW HITPOINT WARNING * * *
The vampire draws strength from your injuries! 😨 HP[-9]
You take 9 damage, and now have 26/69 hp.
Unknown command.
You hit the vampire but do no damage. x2
You hit the vampire but do no damage.
You barely miss the vampire with the +8 dagger of the Desert.
The vampire hits you with a +1 vampiric halberd!
* * * LOW HITPOINT WARNING * * *
The vampire barely misses you. 😨 HP[-8]
You take 8 damage, and now have 18/69 hp.
You hit the vampire but do no damage.
You barely miss the vampire with your +1 long sword of freezing.
The vampire completely misses you. The vampire bites you!
* * * LOW HITPOINT WARNING * * *
The vampire draws strength from your injuries! 😱 HP[-10]
You take 10 damage, and now have 8/69 hp.
Unknown command.
You slash the vampire with your +1 long sword of freezing!
You freeze the vampire.
You hit the vampire with the +8 dagger of the Desert.
You feel much better.
The vampire casts a spell.
The vampire flickers and vanishes!
Deactivating autopickup; reactivate with Ctrl-A. 😮 HP[+27]
You regained 27 hp, and now have 35/69 hp.
You barely miss something with your +1 long sword of freezing.
You hit something but do no damage. Something hits you!
* * * LOW HITPOINT WARNING * * *
Something bites you.
* * * LOW HITPOINT WARNING * * *
Something draws strength from your injuries! 😱 HP[-18]
You take 18 damage, and now have 17/69 hp.
MASSIVE DAMAGE!! (PAUSE)
You hit something with your +1 long sword of freezing.
You closely miss something with the +8 dagger of the Desert.
You hear some strange, mumbled words.
Something tries to affect you, but you resist.
You hit something but do no damage.
You closely miss something with your +1 long sword of freezing.
You barely miss something with the +8 dagger of the Desert.
You miss something with your +1 long sword of freezing.
Something hits you!!
You die...

Skill      XL: |  1  2  3  4  5  6  7  8  9 10 |
---------------+-------------------------------+-----
Long Blades    | 4 5 6 7 9 12 14 | 14.1
Dodging        | 3 |  3.2
Armour         | 1 |  1.4
Fighting       | |  2.8
Throwing       | |  1.7

Action                     |  1- 3 |  4- 6 |  7- 9 | 10-12 || total
---------------------------+-------+-------+-------+-------++-------
  Melee: Long sword        |    70 |    50 |   192 |    52 ||   364
         Dagger            |    61 |    54 |   187 |    54 ||   356
  Evoke: Wand              |       |       |     5 |       ||     5
    Use: Scroll            |     5 |       |    14 |       ||    19
         Potion            |       |       |     1 |     1 ||     2
   Stab: Sleeping          |     1 |       |       |       ||     1
         Distracted        |       |       |     1 |       ||     1
         Paralysed         |       |       |     1 |       ||     1
 Armour: Leather armour    |    38 |       |       |       ||    38
         Ring mail         |     2 |    34 |   130 |    30 ||   196
  Dodge: Dodged            |    35 |    31 |    76 |    26 ||   168

Levels and vault maps discovered:
D:1:      dpeg_arrival_morbid_curiosity, layout_basic
D:2:      layout_loops_ring, supply_closet_lemuel, chequers_serial_rivers_room_a
D:3:      layout_rooms, ashenzari_altar_1, gammafunk_temple_overflow_statue,
          serial_bayou, serial_bayou_pond_c, serial_bayou_pond_d,
          serial_bayou_pond_c, serial_bayou_ford_a, minmay_statues_item,
          minmay_bisected
D:4:      layout_rooms, hellmonk_overflow_destroyed_library
D:5:      layout_rooms, chequers_big_river, minmay_shop_grid_forest,
          chequers_serial_rivers_micro_b
D:6:      layout_basic, minmay_temple_entry_trees, eino_tiny_chamber,
          doesnt_shop_hydraphobe
D:7:      layout_loops_corners, jmf_multi_god_temple2,
          nicolae_ossuary_entry_plus, nicolae_have_a_lightning_rod
D:8:      layout_gridville, mainiacjoe_overflow_24_doors, enter_bailey_5
Temple:   eino_temple_lava
Bailey:   bailey_polearm_vampire_castle_hellmonk, bailey

Notes
Turn   | Place    | Note
-------+----------+-------------------------------------------
     0 | D:1      | kae the Coglin Gladiator began the quest for the Orb.
     0 | D:1      | Reached XP level 1. HP: 16/16 MP: 1/1
     0 | D:1      | magus.rc [v1.11.3]
   186 | D:1      | Reached XP level 2. HP: 22/22 MP: 2/2
  1053 | D:2      | Reached skill level 4 in Long Blades
  1089 | D:2      | Reached XP level 3. HP: 27/27 MP: 3/3
  1181 | D:2      | Identified the +8 dagger of the Desert {drain, rElec rPois}
  2021 | D:3      | Reached XP level 4. HP: 33/33 MP: 4/4
  2029 | D:3      | Reached skill level 5 in Long Blades
  2092 | D:3      | Found a broken altar of Ashenzari.
  2142 | D:3      | Found an ornate altar of the Wu Jian Council.
  2143 | D:3      | Found a hide-covered altar of Uskayaw.
  2475 | D:4      | Reached XP level 5. HP: 21/38 MP: 5/5
  2554 | D:4      | Reached skill level 6 in Long Blades
  2604 | D:4      | Found a bloodstained altar of Trog.
  2608 | D:4      | Found a shimmering blue altar of Sif Muna.
  2619 | D:4      | You pick up a book of Burglary and begin reading...
  2619 | D:4      | You add the spells Ensorcelled Hibernation, Swiftness and
                  | Passwall to your library.
  2719 | D:4      | You fall into a shaft and drop 2 floors!
  2732 | D:6      | Reached XP level 6. HP: 43/44 MP: 6/6
  2740 | D:5      | Entered Level 5 of the Dungeon
  2740 | D:5      | Noticed a black bear
  2746 | D:6      | Killed a black bear
  2747 | D:6      | Reached skill level 7 in Long Blades
  2816 | D:4      | Reached XP level 7. HP: 50/50 MP: 7/7
  3020 | D:5      | Found Jozxunk's Magic Scroll Emporium.
  3021 | D:5      | Found Funecios's Weapon Emporium.
  3021 | D:5      | Found Uschida's Antique Armour Emporium.
  3025 | D:5      | Reached skill level 8 in Long Blades
  3038 | D:5      | Found Xunwapal's General Store.
  3040 | D:5      | Bought a scroll of fear for 48 gold pieces
  3040 | D:5      | Bought a scroll of identify for 24 gold pieces
  3040 | D:5      | Bought a scroll of identify for 24 gold pieces
  3040 | D:5      | Bought a scroll of teleportation for 36 gold pieces
  3040 | D:5      | Bought a scroll of revelation for 90 gold pieces
  3051 | D:5      | Bought a potion of heal wounds for 65 gold pieces
  3198 | D:5      | Reached skill level 9 in Long Blades
  3203 | D:5      | Reached XP level 8. HP: 56/56 MP: 8/8
  3395 | D:5      | You pick up a book of the Senses and begin reading...
  3395 | D:5      | You add the spells Dazzling Flash, Mephitic Cloud, Curse of
                  | Agony and Silence to your library.
  4011 | D:6      | Found Jerchonai's Hydra Hut.
  4016 | D:6      | Noticed a five-headed hydra
  4122 | D:6      | Reached skill level 10 in Long Blades
  4305 | D:6      | Found a staircase to the Ecumenical Temple.
  4380 | Temple   | Entered the Ecumenical Temple
  4713 | D:7      | Noticed a two-headed ogre
  4721 | D:7      | Killed a two-headed ogre
  4722 | D:7      | Reached skill level 12 in Long Blades
  4722 | D:7      | Reached XP level 9. HP: 32/61 MP: 9/9
  4742 | D:7      | Found a sand-covered staircase.
  4748 | Ossuary  | Entered an ossuary
  5000 | Ossuary  | Reached skill level 13 in Long Blades
  5399 | D:7      | You add the spells Vhi's Electric Charge, Arcjolt and
                  | Maxwell's Capacitive Coupling to your library.
  5892 | D:7      | Reached skill level 14 in Long Blades
  5892 | D:7      | Reached XP level 10. HP: 43/67 MP: 10/10
  6297 | D:7      | Found an ancient bone altar of Kikubaaqudgha.
  6302 | D:7      | Reached skill level 3 in Dodging
  6306 | D:7      | Found a burning altar of Makhleb.
  6310 | D:7      | Reached skill level 1 in Armour
  6542 | D:8      | Found a flagged portal.
  6555 | Bailey   | Entered a bailey
  6682 | Bailey   | Noticed a gargoyle
  6691 | Bailey   | Killed a gargoyle
  6818 | Bailey   | HP: 8/69 [vampire/+1 vampiric halberd (10)]
  6824 | Bailey   | Slain by a vampire

Vanquished Creatures
  A two-headed ogre (D:7)
  A gargoyle (Bailey)
  2 raiju (D:7)
  A steam dragon (D:7)
  A water moccasin (D:6)
  2 black bears
  3 ice beasts
  A sky beast (D:7)
  2 ogres (D:7)
  A phantom (D:6)
  A kobold brigand (D:6)
  3 elf zombies (Ossuary)
  A bullfrog (D:7)
  3 scorpions
  3 electric eels (D:7)
  A howler monkey (D:7)
  3 bombardier beetles
  3 hounds
  A jelly (D:5)
  4 human zombies (Ossuary)
  An orc priest (D:6)
  A spectral scorpion (Ossuary)
  2 iguanas
  A sleepcap (D:7)
  2 orc wizards
  4 spectral hounds (Ossuary)
  2 crocodile zombies (Ossuary)
  A scorpion simulacrum (Ossuary)
  2 mummies (Ossuary)
  7 gnolls
  6 adders
  A hound simulacrum (Ossuary)
  3 white imps
  2 ufetubi (D:6)
  A spectral adder (Ossuary)
  3 ribbon worms
  5 adder simulacra (Ossuary)
  11 orcs
  6 bats
  8 endoplasms
  4 giant cockroaches
  11 goblins
  5 hobgoblins
  6 quokkas
  2 ball pythons (D:1)
  2 frilled lizards
  2 gnoll simulacra (Ossuary)
  5 gnoll zombies (Ossuary)
  3 jackal simulacra (Ossuary)
  13 kobolds
  6 kobold zombies (Ossuary)
  16 orc zombies
  3 rats
  3 spectral jackals (Ossuary)
188 creatures vanquished.

Table legend:
 A = Non-vault XP
 B = Vault XP
 C = Vault XP percentage of total XP
 D = Non-vault monster count
 E = Vault monster count
 F = Vault count percentage of total count
                 A         B        C        D         E       F
            +---------+---------+-------+---------+---------+-------
      Total |    3456 |    2138 |  38.2 |     110 |      78 |  41.5
            +---------+---------+-------+---------+---------+-------
        D:1 |      16 |       9 |  36.0 |      12 |       5 |  29.4
        D:2 |      43 |       0 |   0.0 |      11 |       0 |   0.0
        D:3 |      80 |       4 |   4.8 |      16 |       2 |  11.1
        D:4 |     203 |       0 |   0.0 |      19 |       0 |   0.0
        D:5 |     735 |       0 |   0.0 |      15 |       0 |   0.0
        D:6 |     818 |       0 |   0.0 |      19 |       0 |   0.0
        D:7 |    1560 |     875 |  35.9 |      17 |       7 |  29.2
        D:8 |       0 |       8 | 100.0 |       0 |       4 | 100.0
     Temple |       1 |       0 |   0.0 |       1 |       0 |   0.0
    Ossuary |       0 |     759 | 100.0 |       0 |      48 | 100.0
     Bailey |       0 |     483 | 100.0 |       0 |      12 | 100.0
            +---------+---------+-------+---------+---------+-------

Skill      XL: |  1  2  3  4  5  6  7  8  9 10 |
---------------+-------------------------------+-----
Long Blades    | 4 5 6 7 9 12 14 | 14.1
Dodging        | 3 |  3.2
Armour         | 1 |  1.4
Fighting       | |  2.8
Throwing       | |  1.7

Action                     |  1- 3 |  4- 6 |  7- 9 | 10-12 || total
---------------------------+-------+-------+-------+-------++-------
  Melee: Long sword        |    70 |    50 |   192 |    52 ||   364
         Dagger            |    61 |    54 |   187 |    54 ||   356
  Evoke: Wand              |       |       |     5 |       ||     5
    Use: Scroll            |     5 |       |    14 |       ||    19
         Potion            |       |       |     1 |     1 ||     2
   Stab: Sleeping          |     1 |       |       |       ||     1
         Distracted        |       |       |     1 |       ||     1
         Paralysed         |       |       |     1 |       ||     1
 Armour: Leather armour    |    38 |       |       |       ||    38
         Ring mail         |     2 |    34 |   130 |    30 ||   196
  Dodge: Dodged            |    35 |    31 |    76 |    26 ||   168

Illustrated notes

Table legend:
 A = Kills in this place as a percentage of kills in the entire game.
 B = Kills by you in this place as a percentage of kills by you in the entire game.
 C = Kills by friends in this place as a percentage of kills by friends in the entire game.
 D = Other kills in this place as a percentage of other kills in the entire game.
 E = Experience gained in this place as a percentage of experience gained in the entire game.
 F = Experience gained in this place divided by the number of levels of this place that you have seen.
                   A       B       C       D       E      F
               +-------+-------+-------+-------+-------+----------------------
         Total | 100.0 | 100.0 |   N/A |   N/A | 100.0 | 508.5
       Dungeon |  67.6 |  67.6 |   N/A |   N/A |  77.8 | 543.9
        Temple |   0.5 |   0.5 |   N/A |   N/A |   0.0 |   1.0
       Ossuary |  25.5 |  25.5 |   N/A |   N/A |  13.6 | 759.0
        Bailey |   6.4 |   6.4 |   N/A |   N/A |   8.6 | 483.0
               +-------+-------+-------+-------+-------+----------------------

Table legend: (Time is in decaauts)
 A = Elapsed time spent in this place.
 B = Non-inter-level travel time spent in this place.
 C = Inter-level travel time spent in this place.
 D = Time resting spent in this place.
 E = Time spent auto-exploring this place.
 F = Levels seen in this place.
 G = Mean time per level.
                   A        B        C        D        E       F      G
               +--------+--------+--------+--------+--------+-----+--------+
         Total |   6782 |   6425 |    357 |    136 |   5346 |  11 |  616.5 |
       Dungeon |   6049 |   5692 |    357 |    136 |   4815 |   8 |  756.1 |
        Temple |      2 |      2 |      0 |      0 |      0 |   1 |    2.0 |
       Ossuary |    476 |    476 |      0 |      0 |    329 |   1 |  476.0 |
        Bailey |    254 |    254 |      0 |      0 |    202 |   1 |  254.0 |
               +--------+--------+--------+--------+--------+-----+--------+

Top non-repeatable levels by time:
     D:7: 1335 daAuts
     D:6: 1090 daAuts
     D:1: 1034 daAuts
     D:2: 839 daAuts
     D:5: 656 daAuts
     D:3: 615 daAuts
 Ossuary: 476 daAuts
     D:4: 465 daAuts
  Bailey: 254 daAuts
     D:8: 11 daAuts
  Temple: 2 daAuts
